 Seeded DCSS version 0.29-a0-359-g541a27f54d (webtiles) character file.

Game seed: 12484150658829813853 (custom seed)

115623 rabbitsville the Slayer (level 16, 0/180 HPs)
             Began as a Minotaur Fighter on Apr 26, 2022.
             Was the Champion of Wu Jian.
             Succumbed to a swamp dragon's poison gas
             ... on level 4 of the Swamp on Apr 27, 2022.
             The game lasted 01:43:26 (20052 turns).

rabbitsville the Slayer (Minotaur Fighter)         Turns: 20052, Time: 01:43:27

Health: 0/180      AC: 29    Str: 36    XL:     16   Next: 19%
Magic:  15/15      EV: 10    Int:  5    God:    Wu Jian [******]
Gold:   1873       SH: 12    Dex: 14    Spells: 15/15 levels left

rFire   + . .      SeeInvis +   m - +14 obsidian axe {vorpal, Mesm Drain Fly SInv}
rCold   . . .      Faith    .   O - +2 kite shield {reflect}
rNeg    . . .      Spirit   .   i - +1 shadow dragon scales
rPois   .          Reflect  +   c - +1 hat
rElec   .          Harm     .   u - +2 cloak {Will+}
rCorr   .          Rampage  ∞   I - +1 pair of gloves {hurl}
Will    +++..      Rage     1%  h - +3 pair of seven-league boots {Rampage+∞}
Stlth   +++.......              X - amulet of Faast {RegenMP rF+ Str+3}
HPRegen 0.40/turn               v - ring "Goroat" {*Slow Str+6 Dex+2 Stlth+}
MPRegen 0.54/turn               k - ring of willpower

@: lethally poisoned (0 -> -13), flying
A: horns 2, retaliatory headbutt, berserk 1
a: Renounce Religion, Wall Jump, Serpent's Lash, Heavenly Storm


You were on level 4 of the Swamp.
You worshipped Wu Jian.
Wu Jian was exalted by your worship.
You visited 6 branches of the dungeon, and saw 26 of its levels.
You also visited: Bailey and Gauntlet.

You collected 2601 gold pieces.
You spent 728 gold pieces at shops.

Inventory:

Hand Weapons
 m - the +14 obsidian axe (weapon) {vorpal, Mesm Drain Fly SInv}
   (You found it on level 2 of the Dungeon)

   It inflicts extra damage upon your enemies.
   It occasionally summons demons to assist the wielder when it strikes in
   combat.
   Its wielder is mesmerised by any visible foes.
   It cannot be unequipped while any foes are visible.
   SInv:      It lets you see invisible.
   Fly:       It grants you flight.
   Drain:     It drains your maximum health when unequipped.
Missiles
 L - 2 silver javelins
 T - 20 javelins
 W - 7 boomerangs (quivered)
Armour
 a - the +3 ring mail of the Serpent {Rampage rC+++ Str-5 Int-3}
   (You took it off a minotaur in a Gauntlet)

   Str:       It affects your strength (-5).
   Int:       It affects your intelligence (-3).
   rC:        It renders you almost immune to cold.
   Rampage:   It bestows one free step when moving towards enemies.
 c - a +1 hat (worn)
 h - the +3 pair of seven-league boots (worn) {Rampage+∞}
   (You acquired it on level 2 of the Swamp)

   Its wearer moves as far as possible in that direction when moving towards
   enemies.
 i - +1 shadow dragon scales (worn)
 u - a +2 cloak of willpower (worn)
 A - the -1 pair of boots of Youthful Indiscretion {*Slow rElec Regen+ Str-4}
   (You found it on level 6 of the Dungeon)

   Str:       It affects your strength (-4).
   rElec:     It insulates you from electricity.
   Regen:     It increases your rate of health regeneration.
   *Slow:     It may slow you when you take damage.
 I - a +1 pair of gloves of hurling (worn)
 O - a +2 kite shield of reflection (worn)
 V - a +1 pair of gloves of dexterity
Jewellery
 b - a +4 ring of protection
 k - a ring of willpower (right hand)
 v - the ring "Goroat" (left hand) {*Slow Str+6 Dex+2 Stlth+}
   (You found it in a Gauntlet)

   [ring of strength]

   Str:       It affects your strength (+6).
   Dex:       It affects your dexterity (+2).
   *Slow:     It may slow you when you take damage.
   Stlth:     It makes you more stealthy.
 N - the ring of Jehics {Fly Str+5 Dex-3}
   (You found it on level 1 of the Lair of Beasts)

   [ring of flight]

   Str:       It affects your strength (+5).
   Dex:       It affects your dexterity (-3).
   Fly:       It grants you flight.
 X - the amulet of Faast (around neck) {RegenMP rF+ Str+3}
   (You acquired it on level 5 of the Lair of Beasts)

   [amulet of magic regeneration]

   It increases your rate of magic regeneration.
   Str:       It affects your strength (+3).
   rF:        It protects you from fire.
 Z - a ring of protection from cold
Wands
 d - a wand of mindburst (17)
 o - a wand of digging (16)
 y - a wand of polymorph (21)
 E - a wand of acid (8)
 H - a wand of iceblast (43)
 M - a wand of paralysis (15)
 Y - a wand of flame (30)
Scrolls
 f - 9 scrolls of vulnerability
 j - 3 scrolls of noise
 n - 3 scrolls of magic mapping
 q - 8 scrolls of teleportation
 s - 4 scrolls of blinking
 t - 3 scrolls of fear
 x - 4 scrolls of amnesia
 z - 3 scrolls of fog
 C - 4 scrolls of holy word
 D - 2 scrolls of enchant weapon
 P - 2 scrolls of enchant armour
 R - a scroll of brand weapon
 S - a scroll of immolation
Potions
 e - 3 potions of invisibility
 g - 4 potions of attraction
 l - 2 potions of brilliance
 p - 2 potions of curing
 r - 2 potions of magic
 B - 2 potions of ambrosia
 F - a potion of cancellation
 G - a potion of haste
 J - 2 potions of lignification
 K - 3 potions of might
 Q - 2 potions of resistance
 U - 6 potions of mutation


   Skills:
 * Level 26.2 Fighting
 - Level 18.0 Axes
 - Level 7.7 Throwing
 - Level 12.1 Armour
 - Level 4.1 Dodging
 - Level 6.5 Shields


You had 15 spell levels left.
You didn't know any spells.
Your spell library contained the following spells:

 Spells                   Type           Power      Damage    Failure   Level
 Beastly Appendage        Tmut           0%         N/A       99%         1
 Magic Dart               Conj           0%         1d3       99%         1
 Shock                    Conj/Air       0%         1d3       99%         1
 Summon Small Mammal      Summ           0%         N/A       99%         1
 Call Imp                 Summ           0%         N/A       99%         2
 Corpse Rot               Necr/Air       0%         N/A       99%         2
 Poisonous Vapours        Pois/Air       0%         N/A       99%         2
 Wereblood                Tmut           0%         N/A       99%         2
 Call Canine Familiar     Summ           0%         N/A       100%        3
 Mephitic Cloud           Conj/Pois/Air  0%         N/A       100%        3
 Ozocubu's Armour         Ice            0%         N/A       100%        3
 Portal Projectile        Hex/Tloc       0%         N/A       100%        3
 Spider Form              Tmut/Pois      0%         N/A       100%        3
 Summon Guardian Golem    Hex/Summ       0%         N/A       100%        3
 Swiftness                Air            0%         N/A       100%        3
 Tukima's Dance           Hex            0%         N/A       100%        3
 Anguish                  Hex/Necr       0%         N/A       100%        4
 Fulminant Prism          Conj/Hex       0%         3d6       100%        4
 Iskenderun's Mystic Bla  Conj/Tloc      0%         2d3       100%        4
 Blade Hands              Tmut           0%         N/A       100%        5
 Excruciating Wounds      Necr           0%         N/A       100%        5
 Lee's Rapid Deconstruct  Erth           0%         3d5*      100%        5
 Metabolic Englaciation   Hex/Ice        0%         N/A       100%        5
 Simulacrum               Ice/Necr       0%         N/A       100%        6
 Starburst                Conj/Fire      0%         6d3       100%        6
 Enfeeble                 Hex            0%         N/A       100%        7


Dungeon Overview and Level Annotations

Branches:
Dungeon (12/15)            Temple (1/1) D:6            Lair (6/6) D:8
  Swamp (4/4) Lair:3        Snake (1/4) Lair:4        Slime (0/5) Lair:6
    Orc (2/2) D:12            Elf (0/3) Orc:2        Bailey (visited)
Gauntlet (visited)

Altars:
Ashenzari
Cheibriados
Dithmenos
Elyvilon
Fedhas
Gozag
Hepliaklqana
Kikubaaqudgha
Makhleb
Nemelex Xobeh
Okawaru
Qazlal
Ru
Sif Muna
Trog
Uskayaw
Vehumet
Wu Jian
Xom
Yredelemnul
Zin
The Shining One
Beogh

Shops:
D:2 (   Orc:2 *[*(

Annotations:
D:6 exclusion: upstairs
Lair:4 2 transporters
Orc:1 3 runed translucent doors, Juicyj's ghost, journeyman HOFi


Innate Abilities, Weirdness & Mutations

You have a pair of horns on your head.
You reflexively headbutt those who attack you in melee.
You tend to lose your temper in combat.


Message History

Found 8 gold pieces and a cloak.
You break out of your daze!
You start resting.
You feel yourself speed up.
You are no longer corroded.
You start resting.
A six-headed hydra comes into view.
Visions of slaying the six-headed hydra flood into your mind.
A swamp dragon comes into view.
As you read the scroll of teleportation, it crumbles to dust.
You feel strangely unstable.
The six-headed hydra roars!
The swamp dragon roars deafeningly!
The swamp dragon breathes poison at you.
The blast of poison engulfs you.
You are poisoned.
* * * LOW HITPOINT WARNING * * *
You lop one of the six-headed hydra's heads off!
The five-headed hydra grows two more!
You slice the seven-headed hydra!!
Your headbutt misses the seven-headed hydra.
The seven-headed hydra is moderately wounded.
You are engulfed in poison gas.
You are lethally poisoned!
* * * LOW HITPOINT WARNING * * *
x2 You feel very sick.
The seven-headed hydra completely misses you.
You furiously retaliate!
You headbutt the seven-headed hydra. The seven-headed hydra bites you.
* * * LOW HITPOINT WARNING * * *
The seven-headed hydra bites you but does no damage.
The seven-headed hydra barely misses you. x2
The seven-headed hydra closely misses you.
The seven-headed hydra bites you.
* * * LOW HITPOINT WARNING * * *
You feel better.
You are engulfed in poison gas.
You are lethally poisoned!
* * * LOW HITPOINT WARNING * * *
Your surroundings suddenly seem different.
A swamp worm comes into view.
You are no longer entranced.
You die...

≈§≈≈§§.≈≈≈.w≈..≈≈≈.§≈♣♣
≈ ≈≈≈.....≈♣...≈.≈≈.....
≈≈ ≈≈.≈§≈..♣§..≈.≈≈≈..≈≈
..≈♣.≈§≈≈...≈...≈≈≈≈..≈≈
.≈≈..≈≈... ..≈§≈≈≈≈≈..≈≈
≈≈≈..≈≈..♣≈)≈≈i≈°≈≈.4≈≈≈
≈≈≈.≈§≈....≈≈.≈≈°≈x§i☼≈≈
♣≈.§≈≈@w≈≈≈≈.≈♣≈ZZ○x○≈≈
♣♣.≈..§≈≈≈≈≈..≈.≈t4☼/i.
♣.≈≈..≈§≈≈§≈≈♣.≈°≈§≈≈♣♣
♣.≈≈≈.≈§≈≈≈≈.♣≈≈≈≈..≈.♣
♣.≈≈.§≈≈≈≈§≈≈≈≈≈≈≈≈.≈..
♣≈≈≈≈≈§§≈§≈≈§.♣≈..♣♣♣♣♣♣
♣.≈≈≈≈≈.≈§≈≈≈♣♣♣≈♣ ♣
♣.§≈..≈.♣♣♣≈≈. ♣♣ ♣


You could see a spriggan druid (wandering) and a swamp worm (wandering).

Vanquished Creatures
  3 eleionomae
  3 bunyips
  A minotaur (Gauntlet)
  A green death (Gauntlet)
  An ettin (Orc:1)
  2 boulder beetles
  4 alligators
  11 hydras
  Erica (D:8)
  A centaur warrior (D:11)
  3 two-headed ogres
  A death knight (D:10)
  A naga warrior (Snake:1)
  3 death yaks (Lair:5)
  A spriggan berserker (Swamp:3)
  An orc high priest (Orc:2)
  Amaemon (Lair:3)
  6 goliath frogs
  2 death drakes
  4 bog bodies
  A swamp dragon (Swamp:3)
  An orange crystal statue (D:9)
  3 orc knights
  A wizard (D:11)
  A mana viper (Snake:1)
  2 deep elf pyromancers
  4 orc sorcerers
  2 cyclopes
  A manticore (D:11)
  3 will-o-the-wisps
  A salamander (Snake:1)
  A shining eye (Gauntlet)
  Maurice (Orc:1)
  4 black mambas
  An elephant (Lair:6)
  A smoke demon (Gauntlet)
  An orange demon (Lair:3)
  12 cane toads
  A rime drake (Lair:2)
  A yaktaur (shapeshifter) (D:10)
  13 komodo dragons
  2 kobold demonologists
  11 polar bears
  A tyrant leech (Swamp:1)
  10 hornets
  5 trolls
  2 dream sheep (Lair:6)
  5 slime creatures
  8 blink frogs
  34 yaks
  16 spriggans
  A shadow (D:12)
  A wraith (D:12)
  13 wyverns
  Grum (D:8)
  6 basilisks
  A golden eye (Gauntlet)
  2 steam dragons
  7 vampire mosquitoes
  A warg (Orc:1)
  17 swamp worms
  An acid dragon (D:9)
  6 nagas
  14 water moccasins
  24 orc warriors
  A swamp drake (Swamp:2)
  2 sky beasts
  5 black bears
  3 boggarts (Lair:6)
  44 wolves
  2 ogres
  3 centaurs
  14 bullfrogs
  A kobold brigand (D:8)
  5 scorpions
  2 necrophages
  22 wights
  2 killer bees (D:9)
  3 howler monkeys
  8 electric eels
  2 crimson imps (Gauntlet)
  5 hounds
  3 jellies
  10 orc priests
  26 orc wizards
  10 iguanas
  11 gnolls
  6 adders
  A white imp (D:7)
  An ufetubus (D:4)
  2 worms (D:3)
  2 dart slugs
  38 orcs
  3 bats
  3 endoplasms
  3 giant cockroaches
  11 goblins
  8 hobgoblins
  6 jackals (D:1)
  8 kobolds
  4 quokkas
  2 ball pythons
  2 frilled lizards (D:1)
  6 rats
  A spectral orc (D:10)
  2 butterflies (Lair:5)
589 creatures vanquished.

Vanquished Creatures (collateral kills)
  A thorn hunter (Swamp:3)
  An eleionoma (Swamp:1)
  2 hydras
  A ghost crab (Swamp:1)
  5 death yaks (Lair:5)
  A swamp dragon (Swamp:2)
  2 orc sorcerers (Orc:2)
  A will-o-the-wisp (Swamp:1)
  3 elephants (Lair:6)
  A black mamba (Lair:1)
  A torpor snail (Lair:5)
  An orange demon (Gauntlet)
  4 cane toads
  4 komodo dragons
  A polar bear (Lair:6)
  A hornet (Lair:6)
  A polar bear (shapeshifter) (D:11)
  Prince Ribbit (D:8)
  6 blink frogs
  A vampire (D:11)
  4 spriggans
  Sigmund (D:5)
  13 yaks
  3 vampire mosquitoes
  2 acid dragons
  A swamp worm (Lair:3)
  6 water moccasins
  2 orc warriors
  A boggart (Lair:6)
  2 centaurs (D:9)
  An ogre (D:5)
  8 wolves
  A gnoll sergeant (D:9)
  A scorpion (D:7)
  2 wights (D:8)
  4 killer bees (D:9)
  A crimson imp (Gauntlet)
  6 orc priests
  A jelly (Lair:6)
  3 iguanas (Lair:2)
  2 orc wizards
  4 gnolls
  A dart slug (D:5)
  16 orcs
  2 hobgoblins (Bailey)
  A kobold (D:8)
  A butterfly (Lair:5)
129 creatures vanquished.

Vanquished Creatures (others)
  An eleionoma (Swamp:1)
  A goliath frog (Swamp:4)
  2 bloated husks
  29 demonic plants (Gauntlet)
  20 foxfires
  32 fungi
  52 plants
137 creatures vanquished.

Grand Total: 855 creatures vanquished

Notes
Turn   | Place    | Note
-------+----------+-------------------------------------------
     0 | D:1      | rabbitsville the Minotaur Fighter began the quest for the
                  | Orb.
     0 | D:1      | Reached XP level 1. HP: 19/19 MP: 0/0
   142 | D:1      | Reached XP level 2. HP: 24/27 MP: 1/1
   188 | D:1      | Reached skill level 4 in Fighting
   367 | D:1      | Found a faded altar of an unknown god.
   664 | D:2      | Reached XP level 3. HP: 33/33 MP: 2/2
   700 | D:2      | Found Dobujooq's Antique Weapon Shop.
   827 | D:2      | Found the +14 obsidian axe {vorpal, Mesm Drain Fly SInv}
  1040 | D:2      | Reached XP level 4. HP: 41/41 MP: 3/3
  1576 | D:3      | Reached skill level 5 in Fighting
  1712 | D:3      | Found an opulent altar of Gozag.
  1800 | D:3      | Found a snail-covered altar of Cheibriados.
  2222 | D:3      | Found a glowing golden altar of the Shining One.
  2222 | D:3      | Found a broken altar of Ashenzari.
  2364 | D:4      | Found an ancient bone altar of Kikubaaqudgha.
  2373 | D:4      | Reached XP level 5. HP: 40/48 MP: 4/4
  2661 | D:4      | Noticed a steam dragon
  2666 | D:4      | Killed a steam dragon
  2667 | D:4      | Reached skill level 5 in Axes
  2667 | D:4      | Reached XP level 6. HP: 19/57 MP: 5/5
  3145 | D:5      | Entered Level 5 of the Dungeon
  3150 | D:5      | Reached skill level 6 in Fighting
  3184 | D:5      | Reached skill level 5 in Shields
  3358 | D:5      | Reached XP level 7. HP: 64/64 MP: 6/6
  3416 | D:5      | Reached skill level 7 in Fighting
  3426 | D:5      | Noticed Sigmund
  3438 | D:5      | Killed Sigmund
  3635 | D:5      | Reached XP level 8. HP: 70/74 MP: 7/7
  3763 | D:6      | Identified the -1 pair of boots of Youthful Indiscretion
                  | {*Slow rElec Regen+ Str-4}
  3768 | D:6      | Reached skill level 8 in Fighting
  4022 | D:6      | Found a staircase to the Ecumenical Temple.
  4156 | Temple   | Entered the Ecumenical Temple
  4224 | Temple   | Became a worshipper of the Wu Jian Council
  4611 | D:7      | Reached skill level 9 in Fighting
  4978 | D:7      | Reached XP level 9. HP: 85/85 MP: 8/8
  5003 | D:7      | Found a glowing silver altar of Zin.
  5020 | D:7      | Reached skill level 10 in Fighting
  5255 | D:8      | Noticed Grum
  5272 | D:8      | Killed Grum
  5273 | D:8      | Reached skill level 10 in Axes
  5396 | D:8      | Found a hazy altar of Hepliaklqana.
  5480 | D:8      | Reached skill level 11 in Fighting
  5493 | D:8      | Reached * piety under Wu Jian
  5493 | D:8      | Noticed a two-headed ogre
  5507 | D:8      | Killed a two-headed ogre
  5508 | D:8      | Reached skill level 12 in Fighting
  5508 | D:8      | Reached XP level 10. HP: 77/97 MP: 9/9
  5585 | D:8      | Noticed Prince Ribbit
  5594 | D:8      | Killed Prince Ribbit
  5642 | D:8      | Reached skill level 13 in Fighting
  5755 | D:8      | Noticed Erica
  5767 | D:8      | Killed Erica
  5783 | D:8      | Found a staircase to the Lair.
  5787 | D:8      | Identified the +1 ring mail of Mipsan {+Inv rElec MP+9
                  | Int-3}
  5999 | D:8      | Reached skill level 14 in Fighting
  6103 | D:9      | Found a flagged portal.
  6116 | Bailey   | Entered a bailey
  6152 | Bailey   | Reached ** piety under Wu Jian
  6153 | Bailey   | Reached XP level 11. HP: 104/109 MP: 10/10
  6214 | Bailey   | Noticed an orc knight
  6221 | Bailey   | Killed an orc knight
  6333 | Bailey   | Noticed an orc knight
  6339 | Bailey   | Killed an orc knight
  6470 | Bailey   | Found an iron altar of Okawaru.
  6470 | Bailey   | Noticed an orc sorcerer
  6478 | Bailey   | Killed an orc sorcerer
  6479 | Bailey   | Reached skill level 5 in Armour
  6645 | Bailey   | Acquired a manual of Fighting
  6649 | Bailey   | Reached skill level 17 in Fighting
  6649 | Bailey   | Reached XP level 12. HP: 125/125 MP: 11/11
  6878 | D:9      | Identified the +1 scimitar of Naqifren {antimagic, rF-
                  | Will+++ rCorr Int+3}
  7009 | D:9      | Reached skill level 18 in Fighting
  7053 | D:9      | Reached *** piety under Wu Jian
  7481 | D:10     | Entered Level 10 of the Dungeon
  7555 | D:10     | Noticed a two-headed ogre
  7569 | D:10     | Killed a two-headed ogre
  7575 | D:10     | Noticed a death knight
  7584 | D:10     | Killed a death knight
  7721 | D:10     | Found a shadowy altar of Dithmenos.
  7840 | D:10     | Found a sacrificial altar of Ru.
  8045 | D:10     | Found a basalt altar of Yredelemnul.
  8218 | Lair:1   | Entered Level 1 of the Lair of Beasts
  8230 | Lair:1   | Reached skill level 19 in Fighting
  8233 | Lair:1   | Identified the ring of Jehics {Fly Str+5 Dex-3}
  8357 | Lair:1   | Reached XP level 13. HP: 130/138 MP: 12/12
  8488 | Lair:1   | Reached **** piety under Wu Jian
  8587 | Lair:1   | Reached skill level 20 in Fighting
  8762 | Lair:1   | Identified the +6 hunting sling of Noseint {flame, rF+
                  | Str+6}
  8926 | Lair:2   | Reached skill level 1 in Dodging
  9392 | Lair:2   | Reached ***** piety under Wu Jian
  9929 | Lair:3   | Noticed Amaemon
  9940 | Lair:3   | Killed Amaemon
  9941 | Lair:3   | Reached skill level 21 in Fighting
  9972 | Lair:3   | Found a staircase to the Swamp.
 10146 | Lair:3   | Identified the +4 falchion of Yryle {vamp, rN+}
 10200 | Lair:3   | Reached skill level 1 in Throwing
 10858 | Lair:4   | Found a transporter.
 11055 | Lair:4   | Found a staircase to the Snake Pit.
 11896 | Lair:4   | Found a transporter.
 11973 | Lair:5   | Reached XP level 14. HP: 151/151 MP: 13/13
 12091 | Lair:5   | Acquired the amulet of Faast {RegenMP rF+ Str+3}
 12152 | Lair:5   | Reached skill level 22 in Fighting
 12702 | Lair:6   | Entered Level 6 of the Lair of Beasts
 12736 | Lair:6   | Reached skill level 10 in Armour
 12879 | Lair:6   | Found a staircase to the Slime Pits.
 13006 | Lair:6   | Reached skill level 5 in Throwing
 13176 | Lair:6   | Reached ****** piety under Wu Jian
 13426 | Lair:6   | Reached skill level 23 in Fighting
 13792 | Lair:6   | Identified the +1 robe of the Nine Continents {rC++}
 14157 | D:11     | Reached XP level 15. HP: 63/163 MP: 14/14
 14279 | D:11     | Got the Papyrus of Aerial Contamination
 14301 | D:11     | Got the Disquisition on Igneous Illusion
 15253 | D:12     | Found a gate leading to a gauntlet.
 15262 | Gauntlet | Entered a Gauntlet
 15262 | Gauntlet | Found a transporter.
 15262 | Gauntlet | Found a transporter.
 15262 | Gauntlet | Found a transporter.
 15282 | Gauntlet | Found a transporter.
 15292 | Gauntlet | Found a transporter.
 15296 | Gauntlet | Found a transporter.
 15310 | Gauntlet | Found a transporter.
 15350 | Gauntlet | Found a transporter.
 15350 | Gauntlet | Found a transporter.
 15372 | Gauntlet | Found a transporter.
 15372 | Gauntlet | Found a transporter.
 15400 | Gauntlet | Found a transporter.
 15463 | Gauntlet | Gained mutation: You tend to lose your temper in combat. [a
                  | shining eye]
 15535 | Gauntlet | Identified the ring "Goroat" {*Slow Str+6 Dex+2 Stlth+}
 15602 | Gauntlet | Identified the +3 ring mail of the Serpent {Rampage rC+++
                  | Str-5 Int-3}
 15776 | D:12     | Found a staircase to the Orcish Mines.
 15910 | Orc:1    | Entered Level 1 of the Orcish Mines
 16011 | Orc:2    | Entered Level 2 of the Orcish Mines
 16118 | Orc:2    | Found a staircase to the Elven Halls.
 16139 | Orc:2    | Found Naymug's General Store.
 16143 | Orc:2    | Found Rewixiur's Antique Weapon Shop.
 16185 | Orc:2    | Found Siwesekh's Antique Armour Boutique.
 16187 | Orc:2    | Found Gedysmut's Assorted Antiques.
 16191 | Orc:2    | Bought a scroll of acquirement for 728 gold pieces
 16191 | Orc:2    | Acquired a +0 pair of gloves of hurling
 16583 | Orc:1    | Noticed Maurice
 16598 | Orc:1    | Killed Maurice
 16641 | Orc:1    | Found a runed translucent gate.
 16642 | Orc:1    | Found a runed translucent gate.
 16647 | Orc:1    | Noticed Juicyj's ghost (journeyman HOFi)
 16857 | Orc:1    | Found a runed translucent gate.
 16864 | Orc:1    | Identified the +11 hand crossbow of Omeek {freeze, rElec
                  | rPois rN+ Int-2}
 16865 | Orc:1    | Identified the +0 chain mail of Limited Liability {rPois
                  | rF+++ Int+3 Dex-4}
 16865 | Orc:1    | Identified the ring "Ididoci" {rF+ Will+ Int+6}
 16987 | Orc:1    | You are sucked into a shaft and drop 1 floor!
 17425 | Snake:1  | Entered Level 1 of the Snake Pit
 17480 | Snake:1  | Reached skill level 24 in Fighting
 17567 | Snake:1  | Upgraded the game from 0.29-a0-356-g7bc237e783 to
                  | 0.29-a0-359-g541a27f54d
 17613 | Snake:1  | Identified the +2 executioner's axe of the Butterfly
                  | {freeze, Fly rElec rF- rN++}
 17737 | Swamp:1  | Entered Level 1 of the Swamp
 18212 | Swamp:1  | Identified the +1 chain mail of the Slug {Int+3}
 18492 | Swamp:2  | Reached skill level 25 in Fighting
 18621 | Swamp:2  | Identified the +1 scale mail "Zaischin" {rPois Regen+
                  | Str+3}
 18674 | Swamp:2  | Acquired the +3 pair of seven-league boots {Rampage+∞}
 18674 | Swamp:2  | Found the +3 pair of seven-league boots {Rampage+∞}
 19509 | Swamp:3  | Reached XP level 16. HP: 179/179 MP: 15/15
 19513 | Swamp:3  | Noticed a thorn hunter
 19523 | Swamp:3  | Killed a thorn hunter
 20007 | Swamp:4  | Entered Level 4 of the Swamp
 20014 | Swamp:4  | Reached skill level 26 in Fighting
 20051 | Swamp:4  | HP: 5/180 [seven-headed hydra (6)]
 20052 | Swamp:4  | Succumbed to a swamp dragon's poison gas

Illustrated notes

Levels and vault maps discovered:
D:1:      spicycebolla_arrival_xxxplode, layout_rooms,
          shapermc_ecumenical_altar_pompeii, chequers_jeans,
          minmay_misc_feat_tower
D:2:      layout_loops_ring, serial_shops, shop
D:3:      layout_basic, cheibrodos_worm_habitat, grunt_gozag_statues,
          gammafunk_temple_overflow_elements
D:4:      layout_loops_ring, mainiacjoe_overflow_paths
D:5:      layout_basic, kennysheep_generic_room_15, uniq_sigmund
D:6:      layout_basic, minmay_temple_entry_ruins, minmay_curled_crystal
D:7:      layout_gridville, lemuel_crystal_altar, st_stairs_1,
          amcnicky_mini_rare_corridor_liquid
D:8:      layout_loops_ring, nicolae_overflow_crystal_walls,
          minmay_lair_entry_grove, uniq_prince_ribbit1, uniq_erica, uniq_grum
D:9:      layout_stronghold, enter_bailey_1, corexii_corridor_pit, minivault_15
D:10:     layout_small_grid, nicolae_dithmenos_the_darkroom,
          yredelemnul_forgotten_temple_becter, mainiacjoe_overflow_alcove_1,
          minmay_radiant
D:11:     minmay_ambush_box, layout_irregular_city, minivault_25,
          hellmonk_bongcloud_opening
D:12:     layout_roguey, david_orc_5, gauntlet_entry_generic
Temple:   nicolae_temple_x_marks_the_god
Lair:1:   beast_lair_carwin_large_2, layout_concentric_octagons,
          minmay_stone_trees_small, lemuel_fruit_fields
Lair:2:   beast_lair_carwin_large_4, layout_layer_cave, st_stairs_11,
          minivault_24, grunt_forest_large_clearings
Lair:3:   layout_cave_pods, minmay_swamp_entry_worms, uniq_amaemon
Lair:4:   gammafunk_cloud_chamber, layout_misc_corridors,
          guppyfry_snake_entry_garden, nicolae_quartered_pool_super, st_stairs_8
Lair:5:   layout_roguey, infiniplex_staircase_pool_2, grunt_megastairs_4,
          lemuel_fruit_fields
Lair:6:   minmay_lair_end_enchanted_forest, layout_regular_city,
          minmay_slime_entry_pillars, minivault_27
Swamp:1:  layout_basic_swamp, serial_swamp_ruin, evilmike_swamp_ruin_rubble_1,
          hangedman_swamp_ruin_hall, evilmike_swamp_ruin_house_5,
          nicolae_swamp_some_circles
Swamp:2:  layout_basic_swamp, evilmike_swamp_ruin_house_6
Swamp:3:  layout_basic_swamp, nicolae_swamp_trees_clearing
Swamp:4:  swamp, layout_basic_swamp
Snake:1:  layout_onion_interference
Orc:1:    layout_caves, biasface_ghost_orc_armoury, uniq_maurice
Orc:2:    st_orc_mages, layout_caves

Skill      XL: |  1  2  3  4  5  6  7  8  9 10 11 12 13 14 15 16 |
---------------+-------------------------------------------------+-----
Fighting       | 4 5 6 7 9 12 14 17 19 21 23 25 26 | 26.2
Axes           | 3 4 5 6 7 9 11 13 16 17 18 | 18.0
Shields        | 4 5 6 |  6.5
Armour         | 5 6 8 11 12 | 12.1
Dodging        | 4 |  4.1
Throwing       | 2 6 7 |  7.7

Action                   |  1- 3 |  4- 6 |  7- 9 | 10-12 | 13-15 | 16-18 || total
-------------------------+-------+-------+-------+-------+-------+-------++-------
Melee: War axe           |    75 |       |       |       |       |       ||    75
       Headbutt          |     8 |     7 |    13 |    33 |   127 |     8 ||   196
       Broad axe         |     8 |    51 |    87 |   195 |   717 |    45 ||  1103
Throw: Boomerang         |       |       |       |       |    13 |       ||    13
Invok: Lunge             |       |       |     7 |    24 |    80 |       ||   111
       Whirlwind         |       |       |       |    10 |    46 |     1 ||    57
  Use: Potion            |       |       |     7 |     1 |     1 |     3 ||    12
       Scroll            |       |       |       |     1 |    26 |     2 ||    29
 Stab: Distracted        |       |     1 |       |       |     1 |       ||     2
       Sleeping          |       |       |       |       |    11 |       ||    11
Armor: Scale mail        |    42 |    21 |    34 |    12 |       |       ||   109
       Skin              |       |       |     2 |       |       |       ||     2
       Ring mail         |       |       |       |    10 |       |       ||    10
       Plate armour      |       |       |       |    15 |   238 |       ||   253
       Shadow dragon sca |       |       |       |       |    89 |    47 ||   136
Dodge: Dodged            |    41 |    15 |    39 |    36 |   168 |    30 ||   329
Block: Buckler           |    17 |    13 |    26 |    25 |    74 |       ||   155
       Kite shield       |       |       |       |       |    58 |    27 ||    85
       Reflection        |       |       |       |       |       |     1 ||     1

Table legend: (Time is in decaauts)
 A = Elapsed time spent in this place.
 B = Non-inter-level travel time spent in this place.
 C = Inter-level travel time spent in this place.
 D = Time resting spent in this place.
 E = Time spent auto-exploring this place.
 F = Levels seen in this place.
 G = Mean time per level.
                   A        B        C        D        E       F      G
               +--------+--------+--------+--------+--------+-----+--------+
         Total |  20080 |  17930 |   2150 |    294 |  12419 |  28 |  717.1 |
       Dungeon |   9886 |   8723 |   1163 |    138 |   6544 |  12 |  823.8 |
        Temple |     75 |     69 |      6 |      0 |     42 |   1 |   75.0 |
          Lair |   5461 |   4744 |    717 |      0 |   3336 |   6 |  910.2 |
         Swamp |   2360 |   2261 |     99 |     78 |   1606 |   4 |  590.0 |
     Snake Pit |    212 |    212 |      0 |     78 |     21 |   1 |  212.0 |
  Orcish Mines |   1145 |    981 |    164 |      0 |    710 |   2 |  572.5 |
        Bailey |    556 |    556 |      0 |      0 |     74 |   1 |  556.0 |
      Gauntlet |    381 |    381 |      0 |      0 |     86 |   1 |  381.0 |
               +--------+--------+--------+--------+--------+-----+--------+

Top non-repeatable levels by time:
  Lair:6: 1115 daAuts
  Lair:2: 1106 daAuts
     D:3: 1018 daAuts
     D:4: 983 daAuts
     D:9: 982 daAuts
  Lair:3: 968 daAuts
     D:8: 951 daAuts
 Swamp:3: 852 daAuts
    D:11: 849 daAuts
     D:2: 811 daAuts
    D:10: 774 daAuts
  Lair:5: 773 daAuts
  Lair:1: 770 daAuts
 Swamp:1: 765 daAuts
     D:7: 748 daAuts
